 Dungeon Crawl Stone Soup version 0.30-a0-1085-g990a428a5c (webtiles) character file.

Game seed: 15939395821824940711

791 CowFu the Destroyer (level 7, 0/50 HPs)
             Began as a Demigod Conjurer on Apr 17, 2023.
             Slain by a black bear (6 damage)
             ... on level 4 of the Dungeon.
             The game lasted 00:05:03 (5498 turns).

CowFu the Destroyer (Demigod Conjurer)              Turns: 5498, Time: 00:05:03

Health: 0/50       AC:  4    Str: 17    XL:     7   Next: 31%
Magic:  0/12       EV: 12    Int: 30    God:
Gold:   148        SH:  0    Dex: 12    Spells: 6/9 levels left

rFire   . . .      SeeInvis .    b - +2 short sword (speed)
rCold   . . .      Faith    .    (no shield)
rNeg    + . .      Spirit   .    a - +0 robe
rPois   .          Reflect  .    l - +0 helmet of a bailey {rElec}
rElec   +          Rampage  .    k - +0 cloak
rCorr   +                        (no gloves)
Will    +....                    (no boots)
Stlth   ++                       (no amulet)
HPRegen 0.28/turn                c - +6 ring of strength
MPRegen 0.13/turn                d - ring of Ojuhyloth {rN+ Will+ rCorr Str+3 Int+2}

@: no status effects
A: high MP 1, forlorn, divine attributes
a: no special abilities


You were on level 4 of the Dungeon.
You visited 1 branch of the dungeon, and saw 5 of its levels.

You collected 148 gold pieces.

Inventory:

Hand Weapons
 b - a +2 short sword of speed (weapon)
Armour
 a - a +0 robe (worn)
 k - a +0 cloak (worn)
 l - the +0 helmet of a bailey (worn) {rElec}
   (You found it on level 3 of the Dungeon)

   rElec:     It insulates you from electricity.
Jewellery
 c - a +6 ring of strength (left hand)
 d - the ring of Ojuhyloth (right hand) {rN+ Will+ rCorr Str+3 Int+2}
   (You acquired it on level 4 of the Dungeon)

   [ring of resist corrosion]

   Str:       It affects your strength (+3).
   Int:       It affects your intelligence (+2).
   rN:        It protects you from negative energy.
   rCorr:     It protects you from acid and corrosion.
   Will:      It increases your willpower.
Wands
 n - a wand of roots (8)
 p - a wand of paralysis (3)
Scrolls
 h - 2 scrolls of amnesia {unknown}
Potions
 e - a potion of haste
 f - a potion of lignification
 g - 2 potions of degeneration
 i - 3 potions of ambrosia
 m - 3 potions of curing
 q - a potion of might {unknown}


   Skills:
 - Level 1.7 Dodging
 - Level 1.7 Stealth
 - Level 1.7 Spellcasting
 + Level 8.7 Conjurations


You had 6 spell levels left.
You knew the following spells:

 Your Spells              Type           Power      Damage    Failure   Level
a - Magic Dart            Conj           100%       1d8       1%          1
b - Searing Ray           Conj           100%       2d8       1%          2

Your spell library contained the following spells:

 Spells                   Type           Power      Damage    Failure   Level
 Dazzling Flash           Conj/Hex       56%        N/A       4%          3
 Iskenderun's Battlesphe  Conj           53%        2d10      6%          5
 Sting                    Tmut/Pois      8%         1d3       9%          1
 Poisonous Vapours        Pois/Air       4%         N/A       12%         2
 Fulminant Prism          Conj/Hex       14%        3d8       14%         4
 Iskenderun's Mystic Bla  Conj/Tloc      28%        2d7       14%         4
 Sticky Flame             Conj/Fire      28%        2d5       14%         4
 Ignite Poison            Fire/Tmut/Pois 2%         N/A       24%         3
 Ozocubu's Armour         Ice            2%         N/A       24%         3
 Portal Projectile        Hex/Tloc       4%         N/A       24%         3
 Tukima's Dance           Hex            2%         N/A       24%         3
 Olgreb's Toxic Radiance  Pois           2%         N/A       63%         4
 Iron Shot                Conj/Erth      14%        9d4       91%         6
 Blade Hands              Tmut           1%         N/A       92%         5
 Ozocubu's Refrigeration  Ice            1%         4d7       100%        7
 Spellforged Servitor     Conj/Summ      14%        N/A       100%        7
 Ignition                 Fire           1%         3d3       100%        8


Dungeon Overview and Level Annotations

Branches:
Dungeon (5/15)
 Temple: D:4-7

Shops:
D:4 [


Innate Abilities, Weirdness & Mutations

You have an increased reservoir of magic. (+10% MP)
You shall have no god before yourself.
Your divine heritage dramatically boosts your attributes as you level up.


Message History

Aiming: Magic Dart (safe; 1% risk of failure)
Press: ? - help, Shift-Dir - straight line, f - black bear
Aim: a black bear (severely wounded, 100% to hit)
The magic dart hits the black bear.
The black bear is almost dead.
The black bear goes berserk!
Casting: Magic Dart (safe; 1% risk of failure)
Confirm with . or Enter, or press ? or * to list all spells.
You don't have enough magic to cast this spell.
Unknown command.
You barely miss the black bear.
The black bear is severely wounded.
The black bear bites you but does no damage.
The black bear claws you. x2
You hit the black bear.
The black bear is almost dead.
The black bear bites you. The black bear closely misses you.
The black bear claws you.
You hit the black bear.
The black bear is almost dead.
The black bear misses you. The black bear claws you. x2
You hit the black bear.
The black bear is almost dead.
The black bear bites you.
The black bear claws you but does no damage.
The black bear claws you.
Casting: Magic Dart (safe; 1% risk of failure)
Confirm with . or Enter, or press ? or * to list all spells.
Aiming: Magic Dart (safe; 1% risk of failure)
Press: ? - help, Shift-Dir - straight line, f/p - black bear
Aim: a black bear (almost dead, berserk, 100% to hit)
The magic dart hits the black bear but does no damage.
The black bear is almost dead.
The black bear bites you!
* * * LOW HITPOINT WARNING * * *
The black bear claws you but does no damage.
The black bear barely misses you. The black bear bites you.
* * * LOW HITPOINT WARNING * * *
The black bear claws you.
You die...

#.# #...### #.#######
##..# #.......# #..#####
#######.### #......#
#.....# #.####.#
##.###.#### #.# #.# #..#
#....# #.# #.#
#..###.##.###.# ##.##
#......##@#...###...######
#.##.....h..##....#.......
#.###.......##.##...#####.
#.# #.##...8........# #.
#.# #.....8.8[.###..# #.
#.###..#.8...8.###..#####.
#.##...#8..∩..8.))..<....<
#........8...8...#...#.#..
####...#..8.8..#.#...#.#..


You could see a black bear (berserk).

Vanquished Creatures
  An ogre (D:4)
  A centaur (D:3)
  2 phantoms (D:4)
  2 scorpions
  2 hounds
  Jessica (D:3)
  3 orc wizards (D:4)
  Ijyb (D:3)
  5 adders
  2 ufetubi (D:3)
  A worm (D:3)
  A dart slug (D:4)
  19 orcs
  10 endoplasms
  A giant cockroach (D:2)
  9 goblins
  5 hobgoblins
  6 jackals (D:1)
  3 quokkas
  8 ball pythons
  4 bats
  3 frilled lizards
  9 kobolds
99 creatures vanquished.

Notes
Turn   | Place    | Note
-------+----------+-------------------------------------------
     0 | D:1      | CowFu the Demigod Conjurer began the quest for the Orb.
     0 | D:1      | Reached XP level 1. HP: 14/14 MP: 5/5
   107 | D:1      | Reached skill level 4 in Conjurations
   252 | D:1      | Reached XP level 2. HP: 20/20 MP: 4/7
   501 | D:1      | HP: 1/20 [quokka (1)]
  1232 | D:2      | Reached XP level 3. HP: 26/26 MP: 3/8
  1236 | D:2      | Learned a level 2 spell: Searing Ray
  1769 | D:2      | Reached skill level 5 in Conjurations
  2138 | D:3      | Identified the +0 helmet of a bailey {rElec}
  2399 | D:3      | Reached XP level 4. HP: 33/33 MP: 5/9
  2770 | D:3      | Noticed Ijyb
  2777 | D:3      | Killed Ijyb
  3145 | D:3      | Reached skill level 6 in Conjurations
  3145 | D:3      | Reached XP level 5. HP: 34/38 MP: 5/10
  3346 | D:3      | Noticed Jessica
  3351 | D:3      | Killed Jessica
  3726 | D:4      | Noticed a centaur
  3736 | D:3      | Killed a centaur
  4011 | D:4      | Reached skill level 7 in Conjurations
  4011 | D:4      | Reached XP level 6. HP: 44/45 MP: 4/11
  4356 | D:4      | Found Jedanuw's Antique Armour Shoppe.
  4761 | D:4      | Reached skill level 8 in Conjurations
  4761 | D:4      | Reached XP level 7. HP: 22/50 MP: 4/12
  4773 | D:4      | Paralysed by an orc wizard for 3 turns
  4780 | D:4      | Paralysed by an orc wizard for 3 turns
  5401 | D:4      | Identified a scroll of acquirement
  5401 | D:4      | Acquired the ring of Ojuhyloth {rN+ Will+ rCorr Str+3
                  | Int+2}
  5453 | D:5      | Entered Level 5 of the Dungeon
  5478 | D:5      | Noticed a troll
  5498 | D:4      | Slain by a black bear

Illustrated notes

Levels and vault maps discovered:
D:1:      lemuel_arrival_lava_pool, layout_loops_ring
D:2:      layout_basic, hangedman_decor_push
D:3:      layout_basic, grunt_ministairs_8, hangedman_feature_mirror, uniq_ijyb,
          uniq_jessica
D:4:      layout_loops_ring, ashenzari_conservatory_becter, serial_shops,
          nicolae_diamond_shop
D:5:      layout_rooms, minitemple, mainiacjoe_overflow_brackets,
          minmay_temple_entry_drinking_statues, hex_intersection,
          grunt_ministairs_13, minmay_manual_maat

Skill      XL: |  1  2  3  4  5  6 |
---------------+-------------------+-----
Conjurations   | 4 5 6 7 8 |  8.7
Dodging        | |  1.7
Stealth        | |  1.7
Spellcasting   | |  1.7

Action                     |  1- 3 |  4- 6 |  7- 9 || total
---------------------------+-------+-------+-------++-------
  Melee: Short sword       |    30 |    31 |    10 ||    71
         Unarmed           |     2 |       |       ||     2
         Punch             |       |       |     1 ||     1
   Cast: Magic Dart        |   100 |   130 |    42 ||   272
         Searing Ray       |       |     3 |       ||     3
    Use: Potion            |     2 |       |       ||     2
         Scroll            |       |       |     7 ||     7
 Armour: Robe              |    12 |    14 |    10 ||    36
  Dodge: Dodged            |    61 |    48 |    20 ||   129

Table legend: (Time is in decaauts)
 A = Elapsed time spent in this place.
 B = Non-inter-level travel time spent in this place.
 C = Inter-level travel time spent in this place.
 D = Time resting spent in this place.
 E = Time spent auto-exploring this place.
 F = Levels seen in this place.
 G = Mean time per level.
                   A        B        C        D        E       F      G
               +--------+--------+--------+--------+--------+-----+--------+
         Total |   5477 |   5212 |    265 |      0 |   4550 |   5 | 1095.4 |
       Dungeon |   5477 |   5212 |    265 |      0 |   4550 |   5 | 1095.4 |
               +--------+--------+--------+--------+--------+-----+--------+

Top non-repeatable levels by time:
     D:3: 1790 daAuts
     D:4: 1528 daAuts
     D:2: 1166 daAuts
     D:1: 957 daAuts
     D:5: 34 daAuts
